| TOP OF THE 1ST |
|
San Francisco Giants batting - Pitching for Los Angeles Dodgers : RHP Luis Ramírez
|
|
Pitching: RHP Luis Ramírez
|
|
|
Batting: LHB Bradley Zimmer
|
0-0: Called Strike 0-1: Ball 1-1: Swinging Strike 1-2: Foul Ball, location: 7LMF 1-2: Ball 2-2: Ball 3-2: Base on Balls
|
|
Batting: LHB Norm Harris
|
0-0: Bunted foul 0-1: Ground out 4-3 (Groundball, 34S, EV 58 MPH) Bradley Zimmer to second
|
|
Batting: LHB Raimel Tapia
|
0-0: Called Strike 0-1: Ball 1-1: DOUBLE (Line Drive, 7LM, EV 101 MPH) Bradley Zimmer scores
|
|
Batting: LHB Grabiel Jimenez
|
0-0: Ball 1-0: Ball 2-0: Swinging Strike 2-1: Called Strike 2-2: Foul Ball, location: 23FF 2-2: Strikes out swinging
|
|
Batting: RHB Héctor Rodríguez
|
0-0: Called Strike 0-1: Ground out 5-3 (Groundball, 5S, EV 52 MPH)
|
| Top of the 1st over - 1 run, 1 hit, 0 errors, 1 left on base; San Francisco 1 - Los Angeles 0 |
| BOTTOM OF THE 1ST |
|
Los Angeles Dodgers batting - Pitching for San Francisco Giants : RHP Gerrit Cole
|
|
Pitching: RHP Gerrit Cole
|
|
|
Batting: LHB Toshikuni Kondo
|
0-0: Ground out 1-3 (Groundball, 13S, EV 66 MPH)
|
|
Batting: SHB Jonah Heim
|
0-0: Ball 1-0: Ball 2-0: Swinging Strike 2-1: Ball 3-1: Foul Ball, location: 2F 3-2: Strikes out swinging
|
|
Batting: SHB José Rodríguez
|
0-0: Fly out, F9 (Line Drive, 9, EV 92 MPH)
|
| Bottom of the 1st over - 0 runs, 0 hits, 0 errors, 0 left on base; San Francisco 1 - Los Angeles 0 |
| TOP OF THE 2ND |
|
San Francisco Giants batting - Pitching for Los Angeles Dodgers : RHP Luis Ramírez
|
|
Batting: LHB Corey Seager
|
0-0: Ball 1-0: Ball 2-0: Foul Ball, location: 2F 2-1: Ground out 6-3 (Groundball, 6MS, EV 87 MPH)
|
|
Batting: RHB Nolan Arenado
|
0-0: SINGLE (Groundball, 4MD, EV 89 MPH)
|
|
Batting: RHB Salvador Perez
|
0-0: Called Strike 0-1: Swinging Strike 0-2: Ball Wild Pitch! Nolan Arenado to second 1-2: Fly out, F7 (Flyball, 7LM, EV 101 MPH)
|
|
Batting: RHB Dusty Lawrence
|
0-0: Foul Ball, location: 5FF 0-1: Foul Ball, location: 25F 0-2: Strikes out looking
|
| Top of the 2nd over - 0 runs, 1 hit, 0 errors, 1 left on base; San Francisco 1 - Los Angeles 0 |
| BOTTOM OF THE 2ND |
|
Los Angeles Dodgers batting - Pitching for San Francisco Giants : RHP Gerrit Cole
|
|
Batting: LHB Juan Mendoza
|
0-0: DOUBLE (Groundball, 3L, EV 109 MPH)
|
|
Batting: RHB Don Jones
|
0-0: Ball 1-0: SINGLE (Line Drive, 9LS, EV 92 MPH) Juan Mendoza to third Runner from 3rd tries for Home, SAFE, throw by RF to home
|
|
Batting: RHB Jesús Martínez
|
0-0: Fly out, F7 (Flyball, 7LM, EV 92 MPH)
|
|
Batting: RHB Dan Fletcher
|
0-0: Called Strike 0-1: Foul Ball, location: 9LMF 0-2: Ball 1-2: Ball Wild Pitch! Don Jones to second 2-2: Ball 3-2: Fly out, F7 (Flyball, 7LD, EV 97 MPH)
|
|
Batting: SHB Jorge Pagán
|
0-0: Ball 1-0: Foul Ball, location: 25FF 1-1: Ball 2-1: Swinging Strike 2-2: Strikes out swinging
|
| Bottom of the 2nd over - 1 run, 2 hits, 0 errors, 1 left on base; San Francisco 1 - Los Angeles 1 |
| TOP OF THE 3RD |
|
San Francisco Giants batting - Pitching for Los Angeles Dodgers : RHP Luis Ramírez
|
|
Batting: LHB Bradley Zimmer
|
0-0: Foul Ball, location: 9LSF 0-1: Ball 1-1: Foul Ball, location: 2F 1-2: SINGLE (Groundball, 3D, EV 111 MPH)
|
|
Batting: LHB Norm Harris
|
0-0: Ball 1-0: Foul Ball, location: 2F 1-1: Bunt - Flyout to 13S! F1
|
|
Batting: LHB Raimel Tapia
|
0-0: Ball 1-0: Foul Ball, location: 2F 1-1: Ball 2-1: Ball 3-1: Base on Balls Bradley Zimmer to second
|
|
Batting: LHB Grabiel Jimenez
|
0-0: Ball 1-0: Called Strike 1-1: Ball 2-1: Swinging Strike 2-2: Strikes out swinging
|
|
Batting: RHB Héctor Rodríguez
|
0-0: Fly out, F8 (Flyball, 8LD, EV 93 MPH)
|
| Top of the 3rd over - 0 runs, 1 hit, 0 errors, 2 left on base; San Francisco 1 - Los Angeles 1 |
| BOTTOM OF THE 3RD |
|
Los Angeles Dodgers batting - Pitching for San Francisco Giants : RHP Gerrit Cole
|
|
Batting: SHB Raul Mondesi
|
0-0: Foul Ball, location: 2F 0-1: Foul Ball, location: 2F 0-2: Foul Ball, location: 2F 0-2: Foul Ball, location: 2F 0-2: Strikes out swinging
|
|
Batting: LHB Toshikuni Kondo
|
0-0: Called Strike 0-1: Foul Ball, location: 3FF 0-2: Foul Ball, location: 23FF 0-2: Fly out, F7 (Flyball, 78D, EV 84 MPH)
|
|
Batting: SHB Jonah Heim
|
0-0: Swinging Strike 0-1: SINGLE (Line Drive, 7, EV 106 MPH)
|
|
Batting: SHB José Rodríguez
|
0-0: Called Strike 0-1: Ball 1-1: Ball 2-1: Ball 3-1: Base on Balls Jonah Heim to second
|
|
Batting: LHB Juan Mendoza
|
0-0: Ball 1-0: Ball 2-0: Called Strike 2-1: SINGLE (Groundball, 4MD, EV 101 MPH) Jonah Heim to third José Rodríguez to second Runner from 3rd tries for Home, SAFE, throw by CF to home
|
|
Batting: RHB Don Jones
|
0-0: SINGLE (Groundball, 6MD, EV 91 MPH) José Rodríguez to third Juan Mendoza to second
|
|
Batting: RHB Jesús Martínez
|
0-0: Swinging Strike 0-1: Ball 1-1: Foul Ball, location: 23F 1-2: Ball 2-2: Fielders Choice at 2nd, 5-4 (Groundball, 56, EV 54 MPH)
|
| Bottom of the 3rd over - 1 run, 3 hits, 0 errors, 3 left on base; San Francisco 1 - Los Angeles 2 |
| TOP OF THE 4TH |
|
San Francisco Giants batting - Pitching for Los Angeles Dodgers : RHP Luis Ramírez
|
|
Batting: LHB Corey Seager
|
0-0: Called Strike 0-1: Ball 1-1: Fly out, F7 (Line Drive, 7, EV 98 MPH)
|
|
Batting: RHB Nolan Arenado
|
0-0: Ball 1-0: Ball 2-0: Called Strike 2-1: Foul Ball, location: 2F 2-2: Strikes out swinging
|
|
Batting: RHB Salvador Perez
|
0-0: Ball 1-0: Ball 2-0: Ball 3-0: Called Strike 3-1: Called Strike 3-2: Strikes out looking
|
| Top of the 4th over - 0 runs, 0 hits, 0 errors, 0 left on base; San Francisco 1 - Los Angeles 2 |
| BOTTOM OF THE 4TH |
|
Los Angeles Dodgers batting - Pitching for San Francisco Giants : RHP Gerrit Cole
|
|
Batting: RHB Dan Fletcher
|
0-0: Ball 1-0: Ball 2-0: Ball 3-0: Called Strike 3-1: Called Strike 3-2: SINGLE (Groundball, 56D, EV 94 MPH)
|
|
Batting: SHB Jorge Pagán
|
0-0: Called Strike 0-1: Fly out, F6 (Popup, 4M, EV 63 MPH)
|
|
Batting: SHB Raul Mondesi
|
0-0: Foul Ball, location: 7LMF 0-1: Sac Bunt to 3S - play at first, batter OUT! 3-4 Dan Fletcher to second
|
|
Batting: LHB Toshikuni Kondo
|
0-0: Fly out, F4 (Popup, 4MD, EV 55 MPH)
|
| Bottom of the 4th over - 0 runs, 1 hit, 0 errors, 1 left on base; San Francisco 1 - Los Angeles 2 |
| TOP OF THE 5TH |
|
San Francisco Giants batting - Pitching for Los Angeles Dodgers : RHP Luis Ramírez
|
|
Batting: RHB Dusty Lawrence
|
0-0: Called Strike 0-1: Foul Ball, location: 9LSF 0-2: Foul Ball, location: 2F 0-2: Fly out, F7 (Line Drive, 7, EV 85 MPH)
|
|
Batting: LHB Bradley Zimmer
|
0-0: Called Strike 0-1: Ball 1-1: Fly out, F9 (Flyball, 89XD, EV 98 MPH)
|
|
Batting: LHB Norm Harris
|
0-0: Ball 1-0: Ball 2-0: Called Strike 2-1: Ball 3-1: Swinging Strike 3-2: Foul Ball, location: 2RF 3-2: Strikes out swinging
|
| Top of the 5th over - 0 runs, 0 hits, 0 errors, 0 left on base; San Francisco 1 - Los Angeles 2 |
| BOTTOM OF THE 5TH |
|
Los Angeles Dodgers batting - Pitching for San Francisco Giants : RHP Gerrit Cole
|
|
Batting: SHB Jonah Heim
|
0-0: Ground out 6-3 (Groundball, 6, EV 91 MPH)
|
|
Batting: SHB José Rodríguez
|
0-0: Ball 1-0: Ball 2-0: Called Strike 2-1: Ball 3-1: Base on Balls
|
|
Batting: LHB Juan Mendoza
|
0-0: DOUBLE (Line Drive, 9LD, EV 108 MPH) José Rodríguez to third
|
|
Batting: RHB Don Jones
|
0-0: Foul Ball, location: 2F 0-1: Foul Ball, location: 7LSFF 0-2: Ball 1-2: Strikes out looking
|
|
Batting: RHB Jesús Martínez
|
0-0: Ball 1-0: SINGLE (Groundball, 2R, EV 51 MPH) (infield hit) José Rodríguez scores Juan Mendoza to third
|
|
Batting: RHB Dan Fletcher
|
0-0: Called Strike 0-1: Swinging Strike 0-2: Ball 1-2: Ball 2-2: Ball 3-2: SINGLE (Line Drive, 9S, EV 91 MPH) Juan Mendoza scores Jesús Martínez to second Jesús Martínez to third
|
|
Batting: SHB Jorge Pagán
|
0-0: Called Strike 0-1: Ball 1-1: Ground out 1-3 (Groundball, 13S, EV 80 MPH)
|
| Bottom of the 5th over - 2 runs, 3 hits, 0 errors, 2 left on base; San Francisco 1 - Los Angeles 4 |
| TOP OF THE 6TH |
|
San Francisco Giants batting - Pitching for Los Angeles Dodgers : RHP Luis Ramírez
|
|
Batting: LHB Raimel Tapia
|
0-0: Foul Ball, location: 7LDF 0-1: Ball 1-1: Ball 2-1: Fly out, F9 (Flyball, 9, EV 85 MPH)
|
|
Batting: LHB Grabiel Jimenez
|
0-0: Ball 1-0: Called Strike 1-1: Foul Ball, location: 25F 1-2: Ball 2-2: Ball 3-2: Base on Balls
|
|
Batting: RHB Héctor Rodríguez
|
0-0: Ground out 5-3 (Groundball, 56S, EV 83 MPH) Grabiel Jimenez to second
|
|
Batting: LHB Corey Seager
|
0-0: Called Strike 0-1: Ball 1-1: Ball 2-1: Ball 3-1: Called Strike 3-2: Foul Ball, location: 2F 3-2: Strikes out looking
|
| Top of the 6th over - 0 runs, 0 hits, 0 errors, 1 left on base; San Francisco 1 - Los Angeles 4 |
| BOTTOM OF THE 6TH |
|
Los Angeles Dodgers batting - Pitching for San Francisco Giants : RHP Gerrit Cole
|
|
Batting: SHB Raul Mondesi
|
0-0: Ball 1-0: Ground out U3 (Groundball, 3S, EV 54 MPH)
|
|
Batting: LHB Toshikuni Kondo
|
0-0: SINGLE (Line Drive, 89D, EV 78 MPH)
|
|
Pitching: RHP Ron Smith
|
|
|
Batting: SHB Jonah Heim
|
0-0: 2-RUN HOME RUN (Flyball, 89XD, EV 104 MPH), Distance : 397 ft
|
|
Batting: SHB José Rodríguez
|
0-0: Called Strike 0-1: Ball 1-1: Swinging Strike 1-2: Ball 2-2: Foul Ball, location: 9LDF 2-2: Ground out 4-3 (Groundball, 4M, EV 89 MPH)
|
|
Batting: LHB Juan Mendoza
|
0-0: Foul Ball, location: 2F 0-1: Called Strike 0-2: SINGLE (Groundball, 4D, EV 93 MPH)
|
|
Batting: RHB Don Jones
|
0-0: Ball 1-0: Ball 2-0: Fly out, F8 (Flyball, 89XD, EV 92 MPH)
|
| Bottom of the 6th over - 2 runs, 3 hits, 0 errors, 1 left on base; San Francisco 1 - Los Angeles 6 |
| TOP OF THE 7TH |
|
San Francisco Giants batting - Pitching for Los Angeles Dodgers : RHP Luis Ramírez
|
|
Pitching: RHP Florentin Eliade
|
|
|
Batting: RHB Nolan Arenado
|
0-0: Fly out, F8 (Flyball, 89D, EV 109 MPH)
|
|
Batting: RHB Salvador Perez
|
0-0: Foul Ball, location: 2F 0-1: SINGLE (Line Drive, 8LM, EV 72 MPH)
|
|
Batting: RHB Dusty Lawrence
|
0-0: Called Strike 0-1: Ball 1-1: Ground out 4-3 (Groundball, 4MS, EV 65 MPH) Salvador Perez to second
|
|
Batting: LHB Bradley Zimmer
|
0-0: Ball 1-0: SINGLE (Flyball, 56D, EV 83 MPH) Salvador Perez to third
|
|
Batting: LHB Norm Harris
|
|
|
Pitching: LHP Ed Reeves
|
0-0: Called Strike 0-1: Ball 1-1: Swinging Strike 1-2: Ball 2-2: Ball 3-2: Fly out, F4 (Popup, 4, EV 82 MPH)
|
| Top of the 7th over - 0 runs, 2 hits, 0 errors, 2 left on base; San Francisco 1 - Los Angeles 6 |
| BOTTOM OF THE 7TH |
|
Los Angeles Dodgers batting - Pitching for San Francisco Giants : RHP Ron Smith
|
|
Batting: RHB Jesús Martínez
|
0-0: SINGLE (Flyball, 4MD, EV 75 MPH)
|
|
Batting: RHB Dan Fletcher
|
0-0: Ball 1-0: Swinging Strike 1-1: Ball Jesús Martínez steals 2nd base 2-1: Foul Ball, location: 25F 2-2: Ball 3-2: Fly out, F8 (Flyball, 78D, EV 110 MPH) Runner from 2nd tags up, SAFE at 3rd with throw by CF
|
|
Batting: SHB Jorge Pagán
|
0-0: Ball 1-0: Ball 2-0: Ball 3-0: Called Strike 3-1: Swinging Strike 3-2: Strikes out looking
|
|
Batting: SHB Raul Mondesi
|
0-0: Fly out, F7 (Line Drive, 7, EV 82 MPH)
|
| Bottom of the 7th over - 0 runs, 1 hit, 0 errors, 1 left on base; San Francisco 1 - Los Angeles 6 |
| TOP OF THE 8TH |
|
San Francisco Giants batting - Pitching for Los Angeles Dodgers : LHP Ed Reeves
|
|
Batting: LHB Raimel Tapia
|
0-0: Swinging Strike 0-1: Ball 1-1: Foul Ball, location: 23F 1-2: Strikes out swinging
|
|
Batting: RHB Thom Williams
|
0-0: Ball 1-0: Foul Ball, location: 2F 1-1: Foul Ball, location: 23F 1-2: Ground out 5-3 (Groundball, 56S, EV 67 MPH)
|
|
Pitching: RHP Sam Scott
|
|
|
Batting: RHB Héctor Rodríguez
|
0-0: Ball 1-0: Ball 2-0: Ball 3-0: Called Strike 3-1: Called Strike 3-2: Ground out 4-3 (Groundball, 4S, EV 81 MPH)
|
| Top of the 8th over - 0 runs, 0 hits, 0 errors, 0 left on base; San Francisco 1 - Los Angeles 6 |
| BOTTOM OF THE 8TH |
|
Los Angeles Dodgers batting - Pitching for San Francisco Giants : RHP Ron Smith
|
|
Batting: LHB Toshikuni Kondo
|
0-0: Called Strike 0-1: Ball 1-1: Foul Ball, location: 2F 1-2: Ball 2-2: Foul Ball, location: 9LMF 2-2: Foul Ball, location: 5F 2-2: Ball 3-2: Ground out 6-3 (Groundball, 6MS, EV 55 MPH)
|
|
Batting: SHB Jonah Heim
|
0-0: Foul Ball, location: 5F 0-1: Ball 1-1: Ball 2-1: Swinging Strike 2-2: Ball 3-2: Fly out, F1 (Popup, P, EV 52 MPH)
|
|
Batting: SHB José Rodríguez
|
0-0: Called Strike 0-1: Swinging Strike 0-2: Foul Ball, location: 7LDF 0-2: SOLO HOME RUN (Flyball, 78XD, EV 110 MPH), Distance : 399 ft
|
|
Batting: LHB Juan Mendoza
|
0-0: Ball 1-0: Foul Ball, location: 7LSF 1-1: Foul Ball, location: 7LMFF 1-2: Strikes out swinging
|
| Bottom of the 8th over - 1 run, 1 hit, 0 errors, 0 left on base; San Francisco 1 - Los Angeles 7 |
| TOP OF THE 9TH |
|
San Francisco Giants batting - Pitching for Los Angeles Dodgers : RHP Sam Scott
|
|
Batting: LHB Corey Seager
|
0-0: Foul Ball, location: 5SF 0-1: Ground out 6-3 (Groundball, 6, EV 68 MPH)
|
|
Batting: RHB Nolan Arenado
|
0-0: Ball 1-0: Foul Ball, location: 3FF 1-1: Ball 2-1: Ball 3-1: Foul Ball, location: 25F 3-2: Strikes out swinging
|
|
Batting: RHB Salvador Perez
|
0-0: Called Strike 0-1: Ball 1-1: Ball 2-1: Ball 3-1: Fly out, F7 (Line Drive, 7, EV 88 MPH)
|
| Top of the 9th over - 0 runs, 0 hits, 0 errors, 0 left on base; San Francisco 1 - Los Angeles 7 |
|